 Dungeon Crawl Stone Soup version 0.30-a0-949-g53dc5368d7 (webtiles) character file.

Game seed: 10942942079076643961

90 Demosthentine the Poker (level 4, -6/34 HPs)
             Began as a Demonspawn Gladiator on Mar 28, 2023.
             Mangled by Sigmund
             ... wielding a +0 scythe
              (9 damage)
             ... on level 3 of the Dungeon.
             The game lasted 00:01:37 (1865 turns).

Demosthentine the Poker (Demonspawn Gladiator)      Turns: 1865, Time: 00:01:38

Health: -6/34      AC:  7    Str: 17    XL:     4   Next: 32%
Magic:  4/4        EV: 12    Int:  9    God:
Gold:   121        SH:  0    Dex: 14    Spells: 3/3 levels left

rFire   . . .      SeeInvis .    a - +0 trident
rCold   . . .      Faith    .    (no shield)
rNeg    + . .      Spirit   .    b - +0 leather armour
rPois   .          Reflect  .    c - +0 helmet
rElec   .          Rampage  .    (no cloak)
rCorr   .                        j - +0 pair of gloves
Will    .....                    (no boots)
Stlth   +                        (no amulet)
HPRegen 0.25/turn                m - ring of positive energy
MPRegen 0.09/turn                (no ring)

@: hasted, very quick
A: spiny 1, sharp scales 2
a: no special abilities


You were on level 3 of the Dungeon.
You visited 1 branch of the dungeon, and saw 3 of its levels.

You collected 121 gold pieces.

Inventory:

Hand Weapons
 a - a +0 trident (weapon)
Missiles
 e - a javelin (quivered)
Armour
 b - a +0 leather armour (worn)
 c - a +0 helmet (worn)
 j - a +0 pair of gloves (worn)
Jewellery
 g - a +6 ring of strength
 m - a ring of positive energy (left hand)
Scrolls
 f - a scroll of identify
 h - 3 scrolls of torment
 i - a scroll of fog
 k - 2 scrolls of vulnerability
 n - 2 scrolls of enchant armour {unknown}
 o - a scroll of butterflies {unknown}
Potions
 l - 2 potions of mutation
 p - a potion of haste


   Skills:
 + Level 2.9 Fighting
 + Level 3.3 Polearms
 - Level 1.7 Throwing
 + Level 1.5 Armour
 + Level 3.2 Dodging


You had 3 spell levels left.
You didn't know any spells.
Your spell library contained the following spells:

 Spells                   Type           Power      Damage    Failure   Level
 Call Canine Familiar     Summ           0%         N/A       82%         3
 Portal Projectile        Hex/Tloc       0%         N/A       82%         3
 Leda's Liquefaction      Hex/Erth       0%         N/A       99%         4


Dungeon Overview and Level Annotations

Branches:
Dungeon (3/15)

Altars:
Yredelemnul

Annotations:
D:3 Sigmund


Innate Abilities, Weirdness & Mutations

You are partially covered in sharp spines.
You are mostly covered in razor-sharp scales. (AC +2, Slay +2)


Message History

Sigmund hits you from afar with a +0 scythe!
Sigmund is nearby!
You reach to attack!
You hit Sigmund.
Sigmund is moderately wounded.
Sigmund barely misses you.
Sigmund is nearby!
You reach to attack!
You puncture Sigmund!
Sigmund is heavily wounded.
Sigmund closely misses you.
Sigmund is nearby!
You reach to attack!
You closely miss Sigmund.
Sigmund is heavily wounded.
Sigmund barely misses you.
Throw: 3 throwing nets
Press: ? - help, Q - select action, (/) - cycle Shift-Dir - straight line, f/p - Sigmund
Aim: Sigmund, wielding a +0 scythe and wearing a +0 robe (heavily wounded, fast, 58% to hit)
You throw a throwing net.
The throwing net closely misses Sigmund.
Sigmund hits you from afar with a +0 scythe!
Throw: 2 throwing nets
Press: ? - help, Q - select action, (/) - cycle Shift-Dir - straight line, f/p - Sigmund
Aim: Sigmund, wielding a +0 scythe and wearing a +0 robe (heavily wounded, fast, 58% to hit)
You throw a throwing net. The throwing net barely misses Sigmund.
Sigmund hits you from afar with a +0 scythe!
* * * LOW HITPOINT WARNING * * *
Throw: throwing net
Press: ? - help, Q - select action, (/) - cycle Shift-Dir - straight line, f/p - Sigmund
Aim: Sigmund, wielding a +0 scythe and wearing a +0 robe (heavily wounded, fast, 58% to hit)
You throw a throwing net.
The throwing net closely misses Sigmund.
Sigmund gestures at you while chanting. The puff of flame misses you.
You feel yourself speed up. Sigmund barely misses you.
Sigmund says, "I'm your fate." Sigmund is struck by your spines.
Sigmund hits you with a +0 scythe!
* * * LOW HITPOINT WARNING * * *
You barely miss Sigmund.
Sigmund is severely wounded.
Sigmund hits you with a +0 scythe!
You die...

...###..############
...# #.............#
.### #.##..........#
.# ###.##.#######..#
.###.#.##.# #..#
.##.#..##.# #..#
....##.##.# #####..#
.##.♣♣♣♣♣♣♣ ♣...#..#
.##♣.. #@@..#
.##♣.≈≈§ ##..##
^..♣≈..≈≈§ #..#
...♣≈.≈... #..#
..#♣≈.≈._. #..#
#..♣≈.≈... #..#
...♣≈.§ ...# ##>♣§≈
#.## ##.♣.


You could see Sigmund (fast).

Vanquished Creatures
  2 adders (D:3)
  A worm (D:2)
  2 dart slugs
  An orc (D:3)
  4 ball pythons
  4 bats
  8 endoplasms
  4 giant cockroaches
  5 goblins
  6 hobgoblins
  2 jackals (D:2)
  3 quokkas
  7 frilled lizards
  5 kobolds
  6 rats
60 creatures vanquished.

Notes
Turn   | Place    | Note
-------+----------+-------------------------------------------
     0 | D:1      | Demosthentine the Demonspawn Gladiator began the quest for
                  | the Orb.
     0 | D:1      | Reached XP level 1. HP: 16/16 MP: 1/1
     0 | D:1      | Noticed an ice dragon
     1 | D:1      | Noticed an iron dragon
     3 | D:1      | Noticed a large abomination
     3 | D:1      | Noticed a tentacled monstrosity
     5 | D:1      | Noticed an iron dragon
     7 | D:1      | Noticed an ice dragon
     8 | D:1      | Noticed an orb of fire
     9 | D:1      | Noticed a large abomination
    11 | D:1      | Noticed a yellow draconian
    11 | D:1      | Noticed an ice dragon
    13 | D:1      | Noticed a large abomination
    15 | D:1      | Noticed an ice dragon
    15 | D:1      | Noticed a shadow dragon
    15 | D:1      | Noticed an orb of fire
    17 | D:1      | Noticed an iron dragon
    17 | D:1      | Noticed a large abomination
    19 | D:1      | Noticed a tentacled monstrosity
    19 | D:1      | Noticed a shadow dragon
   222 | D:1      | Gained mutation: You are partially covered in razor-sharp
                  | scales. (AC +1, Slay +1) [demonic ancestry]
   222 | D:1      | Reached XP level 2. HP: 13/22 MP: 2/2
   698 | D:2      | Reached skill level 1 in Armour
   743 | D:2      | Gained mutation: You are partially covered in sharp spines.
                  | [demonic ancestry]
   743 | D:2      | Reached XP level 3. HP: 25/28 MP: 3/3
  1461 | D:3      | Gained mutation: You are mostly covered in razor-sharp
                  | scales. (AC +2, Slay +2) [demonic ancestry]
  1461 | D:3      | Reached XP level 4. HP: 34/34 MP: 4/4
  1798 | D:3      | Found a basalt altar of Yredelemnul.
  1853 | D:3      | Noticed Sigmund
  1865 | D:3      | Mangled by Sigmund

Illustrated notes

Levels and vault maps discovered:
D:1:      shiori_arrival_whats_in_store_for_you, layout_rooms, nrook_campfire,
          hex_tiny, st_stairs_11, dk_noncrumbling_4
D:2:      layout_basic, basic_altar, chequers_serial_rivers_small_a,
          minmay_pentomino_o4
D:3:      wad_river_or_something, layout_loops_ring, mainiacjoe_overflow_paths,
          minivault_4, minmay_misc_feat_x, dreamdust_princess_bridge,
          uniq_sigmund

Skill      XL: |  1  2 |
---------------+-------+-----
Polearms       | 3 |  3.3
Armour         | 1 |  1.5
Dodging        | 3 |  3.2
Fighting       | |  2.9
Throwing       | |  1.7

Action                     |  1- 3 |  4- 6 || total
---------------------------+-------+-------++-------
  Melee: Trident           |   108 |    26 ||   134
  Throw: Throwing net      |       |     3 ||     3
    Use: Scroll            |     7 |       ||     7
         Potion            |       |     1 ||     1
   Stab: Sleeping          |     6 |     3 ||     9
 Armour: Leather armour    |    24 |     2 ||    26
  Dodge: Dodged            |    39 |    12 ||    51

Table legend: (Time is in decaauts)
 A = Elapsed time spent in this place.
 B = Non-inter-level travel time spent in this place.
 C = Inter-level travel time spent in this place.
 D = Time resting spent in this place.
 E = Time spent auto-exploring this place.
 F = Levels seen in this place.
 G = Mean time per level.
                   A        B        C        D        E       F      G
               +--------+--------+--------+--------+--------+-----+--------+
         Total |   1889 |   1881 |      8 |     45 |   1455 |   3 |  629.7 |
       Dungeon |   1889 |   1881 |      8 |     45 |   1455 |   3 |  629.7 |
               +--------+--------+--------+--------+--------+-----+--------+

Top non-repeatable levels by time:
     D:3: 721 daAuts
     D:2: 608 daAuts
     D:1: 560 daAuts
